Workbook

Sheet 收支预算总表
A2: 收支预算总表
A3: 填报单位:[604]兴国县人民政府行政服务中心管理委员会 , [604001]兴国县行政审批局 | D3: 单位：万元
A4: 收 入 | C4: 支出
A5: 项目 | B5: 预算数 | C5: 项目(按支出功能科目类级) | D5: 预算数
A6: 一、财政拨款收入 | B6: =IF(ISBLANK(SUM(B7,B8,B9))," ",SUM(B7,B8,B9)) -> 1279.6816 | C6: =IF(ISBLANK('支出总表（引用）'!A8)," ",'支出总表（引用）'!A8) -> 一般公共服务支出 | D6: =IF(ISBLANK('支出总表（引用）'!B8)," ",'支出总表（引用）'!B8) -> 1256.5848
A7: （一）一般公共预算收入 | B7: 1279.6816 | C7: =IF(ISBLANK('支出总表（引用）'!A9)," ",'支出总表（引用）'!A9) -> 社会保障和就业支出 | D7: =IF(ISBLANK('支出总表（引用）'!B9)," ",'支出总表（引用）'!B9) -> 23.861364
A8: （二）政府性基金预算收入 | C8: =IF(ISBLANK('支出总表（引用）'!A10)," ",'支出总表（引用）'!A10) -> 卫生健康支出 | D8: =IF(ISBLANK('支出总表（引用）'!B10)," ",'支出总表（引用）'!B10) -> 13.836
A9: （三）国有资本经营预算收入 | C9: =IF(ISBLANK('支出总表（引用）'!A11)," ",'支出总表（引用）'!A11) -> 住房保障支出 | D9: =IF(ISBLANK('支出总表（引用）'!B11)," ",'支出总表（引用）'!B11) -> 19.175184
A10: 二、教育收费资金收入 | C10: =IF(ISBLANK('支出总表（引用）'!A12)," ",'支出总表（引用）'!A12) -> 其他支出 | D10: =IF(ISBLANK('支出总表（引用）'!B12)," ",'支出总表（引用）'!B12) -> 300
A11: 三、事业收入 | C11: =IF(ISBLANK('支出总表（引用）'!A13)," ",'支出总表（引用）'!A13) | D11: =IF(ISBLANK('支出总表（引用）'!B13)," ",'支出总表（引用）'!B13)
A12: 四、事业单位经营收入 | C12: =IF(ISBLANK('支出总表（引用）'!A14)," ",'支出总表（引用）'!A14) | D12: =IF(ISBLANK('支出总表（引用）'!B14)," ",'支出总表（引用）'!B14)
A13: 五、附属单位上缴收入 | C13: =IF(ISBLANK('支出总表（引用）'!A15)," ",'支出总表（引用）'!A15) | D13: =IF(ISBLANK('支出总表（引用）'!B15)," ",'支出总表（引用）'!B15)
A14: 六、上级补助收入 | B14: 6 | C14: =IF(ISBLANK('支出总表（引用）'!A16)," ",'支出总表（引用）'!A16) | D14: =IF(ISBLANK('支出总表（引用）'!B16)," ",'支出总表（引用）'!B16)
A15: 七、其他收入 | B15: 303.0927 | C15: =IF(ISBLANK('支出总表（引用）'!A17)," ",'支出总表（引用）'!A17) | D15: =IF(ISBLANK('支出总表（引用）'!B17)," ",'支出总表（引用）'!B17)
C16: =IF(ISBLANK('支出总表（引用）'!A18)," ",'支出总表（引用）'!A18) | D16: =IF(ISBLANK('支出总表（引用）'!B18)," ",'支出总表（引用）'!B18)
C17: =IF(ISBLANK('支出总表（引用）'!A19)," ",'支出总表（引用）'!A19) | D17: =IF(ISBLANK('支出总表（引用）'!B19)," ",'支出总表（引用）'!B19)
C18: =IF(ISBLANK('支出总表（引用）'!A20)," ",'支出总表（引用）'!A20) | D18: =IF(ISBLANK('支出总表（引用）'!B20)," ",'支出总表（引用）'!B20)
C19: =IF(ISBLANK('支出总表（引用）'!A21)," ",'支出总表（引用）'!A21) | D19: =IF(ISBLANK('支出总表（引用）'!B21)," ",'支出总表（引用）'!B21)
C20: =IF(ISBLANK('支出总表（引用）'!A22)," ",'支出总表（引用）'!A22) | D20: =IF(ISBLANK('支出总表（引用）'!B22)," ",'支出总表（引用）'!B22)
C21: =IF(ISBLANK('支出总表（引用）'!A23)," ",'支出总表（引用）'!A23) | D21: =IF(ISBLANK('支出总表（引用）'!B23)," ",'支出总表（引用）'!B23)
C22: =IF(ISBLANK('支出总表（引用）'!A24)," ",'支出总表（引用）'!A24) | D22: =IF(ISBLANK('支出总表（引用）'!B24)," ",'支出总表（引用）'!B24)
C23: =IF(ISBLANK('支出总表（引用）'!A25)," ",'支出总表（引用）'!A25) | D23: =IF(ISBLANK('支出总表（引用）'!B25)," ",'支出总表（引用）'!B25)
C24: =IF(ISBLANK('支出总表（引用）'!A26)," ",'支出总表（引用）'!A26) | D24: =IF(ISBLANK('支出总表（引用）'!B26)," ",'支出总表（引用）'!B26)
C25: =IF(ISBLANK('支出总表（引用）'!A27)," ",'支出总表（引用）'!A27) | D25: =IF(ISBLANK('支出总表（引用）'!B27)," ",'支出总表（引用）'!B27)
C26: =IF(ISBLANK('支出总表（引用）'!A28)," ",'支出总表（引用）'!A28) | D26: =IF(ISBLANK('支出总表（引用）'!B28)," ",'支出总表（引用）'!B28)
C27: =IF(ISBLANK('支出总表（引用）'!A29)," ",'支出总表（引用）'!A29) | D27: =IF(ISBLANK('支出总表（引用）'!B29)," ",'支出总表（引用）'!B29)
... C47: =IF(ISBLANK('支出总表（引用）'!A49)," ",'支出总表（引用）'!A49) | D47: =IF(ISBLANK('支出总表（引用）'!B49)," ",'支出总表（引用）'!B49)
A49: 本年收入合计 | B49: 1588.7743 | C49: 本年支出合计 | D49: =IF(ISBLANK('支出总表（引用）'!B7)," ",'支出总表（引用）'!B7) -> 1613.4573
A50: 八、使用非财政拨款结余 | C50: 结转下年 | D50: =IF(ISBLANK('支出总表（引用）'!C7)," ",'支出总表（引用）'!C7)
A51: 九、上年结转（结余） | B51: 24.68305
A53: 收入总计 | B53: 1613.4573 | C53: 支出总计 | D53: =B53 -> 1613.4573

Sheet 部门收入总表
A2: 部门收入总表
A3: [604]兴国县人民政府行政服务中心管理委员会 , [604001]兴国县行政审批局 | O3: 单位：万元
A4: 功能科目编码 | B4: 功能科目名称 | C4: 合计 | D4: 上年结转 | E4: 财政拨款 | I4: 教育收费资金收入 | J4: 事业收入 | K4: 事业单位经营收入 | L4: 附属单位上缴收入 | M4: 上级补助收入 | N4: 其他收入 | O4: 使用非财政拨款结余
E5: 小计 | F5: 一般公共预算拨款收入 | G5: 政府性基金预算拨款收入 | H5: 国有资本经营预算收入
A6: ** | B6: ** | C6: 1 | D6: =C6+1 -> 2 | E6: =D6+1 -> 3 | F6: =E6+1 -> 4 | G6: =F6+1 -> 5 | H6: 2 | I6: =H6+1 -> 3 | J6: =I6+1 -> 4 | K6: =J6+1 -> 5 | L6: =K6+1 -> 6 | M6: =L6+1 -> 7 | N6: =M6+1 -> 8 | O6: =N6+1 -> 9
B7: 合计 | C7: 1613.4573 | D7: 24.68305 | E7: 1279.6816 | F7: 1279.6816 | M7: 6 | N7: 303.0927
A8: 201 | B8: 一般公共服务支出 | C8: 1256.5848 | D8: 23.268966 | E8: 1224.2231 | F8: 1224.2231 | M8: 6 | N8: 3.0927
A9: 03 | B9: 政府办公厅（室）及相关机构事务 | C9: 1256.5848 | D9: 23.268966 | E9: 1224.2231 | F9: 1224.2231 | M9: 6 | N9: 3.0927
A10: 2010306 | B10: 政务公开审批 | C10: 1256.5848 | D10: 23.268966 | E10: 1224.2231 | F10: 1224.2231 | M10: 6 | N10: 3.0927
A11: 208 | B11: 社会保障和就业支出 | C11: 23.861364 | D11: 1.414084 | E11: 22.44728 | F11: 22.44728
A12: 05 | B12: 行政事业单位养老支出 | C12: 23.861364 | D12: 1.414084 | E12: 22.44728 | F12: 22.44728
A13: 2080505 | B13: 机关事业单位基本养老保险缴费支出 | C13: 19.396596 | D13: 1.414084 | E13: 17.982512 | F13: 17.982512
A14: 2080506 | B14: 机关事业单位职业年金缴费支出 | C14: 4.464768 | E14: 4.464768 | F14: 4.464768
A15: 210 | B15: 卫生健康支出 | C15: 13.836 | E15: 13.836 | F15: 13.836
A16: 11 | B16: 行政事业单位医疗 | C16: 13.836 | E16: 13.836 | F16: 13.836
A17: 2101101 | B17: 行政单位医疗 | C17: 7.1832 | E17: 7.1832 | F17: 7.1832
A18: 2101103 | B18: 公务员医疗补助 | C18: 6.6528 | E18: 6.6528 | F18: 6.6528
A19: 221 | B19: 住房保障支出 | C19: 19.175184 | E19: 19.175184 | F19: 19.175184
A20: 02 | B20: 住房改革支出 | C20: 19.175184 | E20: 19.175184 | F20: 19.175184
A21: 2210201 | B21: 住房公积金 | C21: 19.175184 | E21: 19.175184 | F21: 19.175184
A22: 229 | B22: 其他支出 | C22: 300 | N22: 300
A23: 99 | B23: 其他支出 | C23: 300 | N23: 300
A24: 2299999 | B24: 其他支出 | C24: 300 | N24: 300

Sheet 部门支出总表
A2: 部门支出总表
A3: 填报单位[604]兴国县人民政府行政服务中心管理委员会 , [604001]兴国县行政审批局 | E3: 单位：万元
A4: 支出功能分类科目 | C4: 合计 | D4: 基本支出 | E4: 项目支出
A5: 科目编码 | B5: 科目名称
A6: ** | B6: ** | C6: 1 | D6: =C6+1 -> 2 | E6: =D6+1 -> 3
B7: 合计 | C7: 1613.4573 | D7: 197.4521 | E7: 1416.0052
A8: 201 | B8: 一般公共服务支出 | C8: 1256.5848 | D8: 140.57955 | E8: 1116.0052
A9: 03 | B9: 政府办公厅（室）及相关机构事务 | C9: 1256.5848 | D9: 140.57955 | E9: 1116.0052
A10: 2010306 | B10: 政务公开审批 | C10: 1256.5848 | D10: 140.57955 | E10: 1116.0052
A11: 208 | B11: 社会保障和就业支出 | C11: 23.861364 | D11: 23.861364
A12: 05 | B12: 行政事业单位养老支出 | C12: 23.861364 | D12: 23.861364
A13: 2080505 | B13: 机关事业单位基本养老保险缴费支出 | C13: 19.396596 | D13: 19.396596
A14: 2080506 | B14: 机关事业单位职业年金缴费支出 | C14: 4.464768 | D14: 4.464768
A15: 210 | B15: 卫生健康支出 | C15: 13.836 | D15: 13.836
A16: 11 | B16: 行政事业单位医疗 | C16: 13.836 | D16: 13.836
A17: 2101101 | B17: 行政单位医疗 | C17: 7.1832 | D17: 7.1832
A18: 2101103 | B18: 公务员医疗补助 | C18: 6.6528 | D18: 6.6528
A19: 221 | B19: 住房保障支出 | C19: 19.175184 | D19: 19.175184
A20: 02 | B20: 住房改革支出 | C20: 19.175184 | D20: 19.175184
A21: 2210201 | B21: 住房公积金 | C21: 19.175184 | D21: 19.175184
A22: 229 | B22: 其他支出 | C22: 300 | E22: 300
A23: 99 | B23: 其他支出 | C23: 300 | E23: 300
A24: 2299999 | B24: 其他支出 | C24: 300 | E24: 300

Sheet 财拨收支总表
A2: 财政拨款收支总表
A3: [604]兴国县人民政府行政服务中心管理委员会 , [604001]兴国县行政审批局 | G3: 单位：万元
A4: 收 入 | C4: 支出
A5: 项目 | B5: 预算数 | C5: 项目(按支出功能科目类级) | D5: 合计 | E5: 一般公共预算支出 | F5: 政府性基金预算支出 | G5: 国有资本经营预算支出
A6: 一、财政拨款收入 | B6: 1279.6816 | C6: 一、本年支出 | D6: =IF(ISBLANK('财拨总表（引用）'!B6)," ",'财拨总表（引用）'!B6) -> 1279.6816 | E6: =IF(ISBLANK('财拨总表（引用）'!C6)," ",'财拨总表（引用）'!C6) -> 1279.6816 | F6: =IF(ISBLANK('财拨总表（引用）'!D6)," ",'财拨总表（引用）'!D6) | G6: =IF(ISBLANK('财拨总表（引用）'!E6)," ",'财拨总表（引用）'!E6)
A7: 一般公共预算拨款收入 | B7: 1279.6816 | C7: =IF(ISBLANK('财拨总表（引用）'!A7)," ",'财拨总表（引用）'!A7) -> 一般公共服务支出 | D7: =IF(ISBLANK('财拨总表（引用）'!B7)," ",'财拨总表（引用）'!B7) -> 1224.2231 | E7: =IF(ISBLANK('财拨总表（引用）'!C7)," ",'财拨总表（引用）'!C7) -> 1224.2231 | F7: =IF(ISBLANK('财拨总表（引用）'!D7)," ",'财拨总表（引用）'!D7)
A8: 政府性基金预算拨款收入 | C8: =IF(ISBLANK('财拨总表（引用）'!A8)," ",'财拨总表（引用）'!A8) -> 社会保障和就业支出 | D8: =IF(ISBLANK('财拨总表（引用）'!B8)," ",'财拨总表（引用）'!B8) -> 22.44728 | E8: =IF(ISBLANK('财拨总表（引用）'!C8)," ",'财拨总表（引用）'!C8) -> 22.44728 | F8: =IF(ISBLANK('财拨总表（引用）'!D8)," ",'财拨总表（引用）'!D8)
A9: 国有资本经营预算收入 | C9: =IF(ISBLANK('财拨总表（引用）'!A9)," ",'财拨总表（引用）'!A9) -> 卫生健康支出 | D9: =IF(ISBLANK('财拨总表（引用）'!B9)," ",'财拨总表（引用）'!B9) -> 13.836 | E9: =IF(ISBLANK('财拨总表（引用）'!C9)," ",'财拨总表（引用）'!C9) -> 13.836 | F9: =IF(ISBLANK('财拨总表（引用）'!D9)," ",'财拨总表（引用）'!D9)
C10: =IF(ISBLANK('财拨总表（引用）'!A10)," ",'财拨总表（引用）'!A10) -> 住房保障支出 | D10: =IF(ISBLANK('财拨总表（引用）'!B10)," ",'财拨总表（引用）'!B10) -> 19.175184 | E10: =IF(ISBLANK('财拨总表（引用）'!C10)," ",'财拨总表（引用）'!C10) -> 19.175184 | F10: =IF(ISBLANK('财拨总表（引用）'!D10)," ",'财拨总表（引用）'!D10)
C11: =IF(ISBLANK('财拨总表（引用）'!A11)," ",'财拨总表（引用）'!A11) | D11: =IF(ISBLANK('财拨总表（引用）'!B11)," ",'财拨总表（引用）'!B11) | E11: =IF(ISBLANK('财拨总表（引用）'!C11)," ",'财拨总表（引用）'!C11) | F11: =IF(ISBLANK('财拨总表（引用）'!D11)," ",'财拨总表（引用）'!D11)
C12: =IF(ISBLANK('财拨总表（引用）'!A12)," ",'财拨总表（引用）'!A12) | D12: =IF(ISBLANK('财拨总表（引用）'!B12)," ",'财拨总表（引用）'!B12) | E12: =IF(ISBLANK('财拨总表（引用）'!C12)," ",'财拨总表（引用）'!C12) | F12: =IF(ISBLANK('财拨总表（引用）'!D12)," ",'财拨总表（引用）'!D12)
C13: =IF(ISBLANK('财拨总表（引用）'!A13)," ",'财拨总表（引用）'!A13) | D13: =IF(ISBLANK('财拨总表（引用）'!B13)," ",'财拨总表（引用）'!B13) | E13: =IF(ISBLANK('财拨总表（引用）'!C13)," ",'财拨总表（引用）'!C13) | F13: =IF(ISBLANK('财拨总表（引用）'!D13)," ",'财拨总表（引用）'!D13)
C14: =IF(ISBLANK('财拨总表（引用）'!A14)," ",'财拨总表（引用）'!A14) | D14: =IF(ISBLANK('财拨总表（引用）'!B14)," ",'财拨总表（引用）'!B14) | E14: =IF(ISBLANK('财拨总表（引用）'!C14)," ",'财拨总表（引用）'!C14) | F14: =IF(ISBLANK('财拨总表（引用）'!D14)," ",'财拨总表（引用）'!D14)
C15: =IF(ISBLANK('财拨总表（引用）'!A15)," ",'财拨总表（引用）'!A15) | D15: =IF(ISBLANK('财拨总表（引用）'!B15)," ",'财拨总表（引用）'!B15) | E15: =IF(ISBLANK('财拨总表（引用）'!C15)," ",'财拨总表（引用）'!C15) | F15: =IF(ISBLANK('财拨总表（引用）'!D15)," ",'财拨总表（引用）'!D15)
C16: =IF(ISBLANK('财拨总表（引用）'!A16)," ",'财拨总表（引用）'!A16) | D16: =IF(ISBLANK('财拨总表（引用）'!B16)," ",'财拨总表（引用）'!B16) | E16: =IF(ISBLANK('财拨总表（引用）'!C16)," ",'财拨总表（引用）'!C16) | F16: =IF(ISBLANK('财拨总表（引用）'!D16)," ",'财拨总表（引用）'!D16)
C17: =IF(ISBLANK('财拨总表（引用）'!A17)," ",'财拨总表（引用）'!A17) | D17: =IF(ISBLANK('财拨总表（引用）'!B17)," ",'财拨总表（引用）'!B17) | E17: =IF(ISBLANK('财拨总表（引用）'!C17)," ",'财拨总表（引用）'!C17) | F17: =IF(ISBLANK('财拨总表（引用）'!D17)," ",'财拨总表（引用）'!D17)
C18: =IF(ISBLANK('财拨总表（引用）'!A18)," ",'财拨总表（引用）'!A18) | D18: =IF(ISBLANK('财拨总表（引用）'!B18)," ",'财拨总表（引用）'!B18) | E18: =IF(ISBLANK('财拨总表（引用）'!C18)," ",'财拨总表（引用）'!C18) | F18: =IF(ISBLANK('财拨总表（引用）'!D18)," ",'财拨总表（引用）'!D18)
C19: =IF(ISBLANK('财拨总表（引用）'!A19)," ",'财拨总表（引用）'!A19) | D19: =IF(ISBLANK('财拨总表（引用）'!B19)," ",'财拨总表（引用）'!B19) | E19: =IF(ISBLANK('财拨总表（引用）'!C19)," ",'财拨总表（引用）'!C19) | F19: =IF(ISBLANK('财拨总表（引用）'!D19)," ",'财拨总表（引用）'!D19)
C20: =IF(ISBLANK('财拨总表（引用）'!A20)," ",'财拨总表（引用）'!A20) | D20: =IF(ISBLANK('财拨总表（引用）'!B20)," ",'财拨总表（引用）'!B20) | E20: =IF(ISBLANK('财拨总表（引用）'!C20)," ",'财拨总表（引用）'!C20) | F20: =IF(ISBLANK('财拨总表（引用）'!D20)," ",'财拨总表（引用）'!D20)
C21: =IF(ISBLANK('财拨总表（引用）'!A21)," ",'财拨总表（引用）'!A21) | D21: =IF(ISBLANK('财拨总表（引用）'!B21)," ",'财拨总表（引用）'!B21) | E21: =IF(ISBLANK('财拨总表（引用）'!C21)," ",'财拨总表（引用）'!C21) | F21: =IF(ISBLANK('财拨总表（引用）'!D21)," ",'财拨总表（引用）'!D21)
... C46: =IF(ISBLANK('财拨总表（引用）'!A46)," ",'财拨总表（引用）'!A46) | D46: =IF(ISBLANK('财拨总表（引用）'!B46)," ",'财拨总表（引用）'!B46) | E46: =IF(ISBLANK('财拨总表（引用）'!C46)," ",'财拨总表（引用）'!C46) | F46: =IF(ISBLANK('财拨总表（引用）'!D46)," ",'财拨总表（引用）'!D46)
A47: 二、上年结转 | C47: 二、结转下年 | D47: =IF(ISBLANK('财拨总表（引用）'!B47)," ",'财拨总表（引用）'!B47) | E47: =IF(ISBLANK('财拨总表（引用）'!C47)," ",'财拨总表（引用）'!C47) | F47: =IF(ISBLANK('财拨总表（引用）'!D47)," ",'财拨总表（引用）'!D47)
A48: 一般公共预算拨款结转 | D48: =IF(ISBLANK('财拨总表（引用）'!B48)," ",'财拨总表（引用）'!B48) | E48: =IF(ISBLANK('财拨总表（引用）'!C48)," ",'财拨总表（引用）'!C48) | F48: =IF(ISBLANK('财拨总表（引用）'!D48)," ",'财拨总表（引用）'!D48)
A49: 政府性基金预算拨款结转 | D49: =IF(ISBLANK('财拨总表（引用）'!B49)," ",'财拨总表（引用）'!B49) | E49: =IF(ISBLANK('财拨总表（引用）'!C49)," ",'财拨总表（引用）'!C49) | F49: =IF(ISBLANK('财拨总表（引用）'!D49)," ",'财拨总表（引用）'!D49)
D50: =IF(ISBLANK('财拨总表（引用）'!B50)," ",'财拨总表（引用）'!B50) | E50: =IF(ISBLANK('财拨总表（引用）'!C50)," ",'财拨总表（引用）'!C50) | F50: =IF(ISBLANK('财拨总表（引用）'!D50)," ",'财拨总表（引用）'!D50)
D51: =IF(ISBLANK('财拨总表（引用）'!B51)," ",'财拨总表（引用）'!B51) | E51: =IF(ISBLANK('财拨总表（引用）'!C51)," ",'财拨总表（引用）'!C51) | F51: =IF(ISBLANK('财拨总表（引用）'!D51)," ",'财拨总表（引用）'!D51)
A52: 收入总计 | B52: 1279.6816 | C52: 支出总计 | D52: =IF(ISBLANK('财拨总表（引用）'!B6)," ",'财拨总表（引用）'!B6) -> 1279.6816 | E52: =IF(ISBLANK('财拨总表（引用）'!C6)," ",'财拨总表（引用）'!C6) -> 1279.6816 | F52: =IF(ISBLANK('财拨总表（引用）'!D6)," ",'财拨总表（引用）'!D6) | G52: =IF(ISBLANK('财拨总表（引用）'!E6)," ",'财拨总表（引用）'!E6)

Sheet 一般公共预算支出表
A2: 一般公共预算支出表
A3: [604]兴国县人民政府行政服务中心管理委员会 , [604001]兴国县行政审批局 | E3: 单位：万元
A4: 支出功能分类科目 | C4: 2022年预算数
A5: 科目编码 | B5: 科目名称 | C5: 合计 | D5: 基本支出 | E5: 项目支出
A6: ** | B6: ** | C6: 1 | D6: =C6+1 -> 2 | E6: =D6+1 -> 3
B7: 合计 | C7: 1279.6816 | D7: 193.71156 | E7: 1085.97
A8: 201 | B8: 一般公共服务支出 | C8: 1224.2231 | D8: 138.2531 | E8: 1085.97
A9: 03 | B9: 政府办公厅（室）及相关机构事务 | C9: 1224.2231 | D9: 138.2531 | E9: 1085.97
A10: 2010306 | B10: 政务公开审批 | C10: 1224.2231 | D10: 138.2531 | E10: 1085.97
A11: 208 | B11: 社会保障和就业支出 | C11: 22.44728 | D11: 22.44728
A12: 05 | B12: 行政事业单位养老支出 | C12: 22.44728 | D12: 22.44728
A13: 2080505 | B13: 机关事业单位基本养老保险缴费支出 | C13: 17.982512 | D13: 17.982512
A14: 2080506 | B14: 机关事业单位职业年金缴费支出 | C14: 4.464768 | D14: 4.464768
A15: 210 | B15: 卫生健康支出 | C15: 13.836 | D15: 13.836
A16: 11 | B16: 行政事业单位医疗 | C16: 13.836 | D16: 13.836
A17: 2101101 | B17: 行政单位医疗 | C17: 7.1832 | D17: 7.1832
A18: 2101103 | B18: 公务员医疗补助 | C18: 6.6528 | D18: 6.6528
A19: 221 | B19: 住房保障支出 | C19: 19.175184 | D19: 19.175184
A20: 02 | B20: 住房改革支出 | C20: 19.175184 | D20: 19.175184
A21: 2210201 | B21: 住房公积金 | C21: 19.175184 | D21: 19.175184

Sheet 一般公共预算基本支出表
A2: 一般公共预算基本支出表
A3: [604]兴国县人民政府行政服务中心管理委员会 , [604001]兴国县行政审批局 | E3: 单位：万元
A4: 支出经济分类科目 | C4: 2022年基本支出
A5: 科目编码 | B5: 科目名称 | C5: 合计 | D5: 人员经费 | E5: 公用经费
A6: ** | B6: ** | C6: 1 | D6: =C6+1 -> 2 | E6: =D6+1 -> 3
B7: 合计 | C7: 193.71156 | D7: 173.55156 | E7: 20.16
A8: 301 | B8: 工资福利支出 | C8: 173.55156 | D8: 173.55156
A9: 30101 | B9: 基本工资 | C9: 70.3428 | D9: 70.3428
A10: 30102 | B10: 津贴补贴 | C10: 36.186 | D10: 36.186
A11: 30103 | B11: 奖金 | C11: 5.8619 | D11: 5.8619
A12: 30106 | B12: 伙食补助费 | C12: 5.7024 | D12: 5.7024
A13: 30108 | B13: 机关事业单位基本养老保险缴费 | C13: 17.982512 | D13: 17.982512
A14: 30109 | B14: 职业年金缴费 | C14: 4.464768 | D14: 4.464768
A15: 30110 | B15: 职工基本医疗保险缴费 | C15: 7.1832 | D15: 7.1832
A16: 30111 | B16: 公务员医疗补助缴费 | C16: 6.6528 | D16: 6.6528
A17: 30113 | B17: 住房公积金 | C17: 19.175184 | D17: 19.175184
A18: 302 | B18: 商品和服务支出 | C18: 20.16 | E18: 20.16
A19: 30201 | B19: 办公费 | C19: 0.4 | E19: 0.4
A20: 30217 | B20: 公务接待费 | C20: 14 | E20: 14
A21: 30239 | B21: 其他交通费用 | C21: 5.76 | E21: 5.76

Sheet 一般公共预算三公表
A2: 一般公共预算“三公”经费支出表
A3: 填报单位[604]兴国县人民政府行政服务中心管理委员会 , [604001]兴国县行政审批局 | G3: 单位：万元
A4: 部门编码 | B4: 部门名称 | C4: 合计 | D4: 因公出国(境)费 | E4: 公务接待费 | F4: 公务用车运行维护费 | G4: 公务用车购置
A6: ** | B6: ** | C6: 1 | D6: 2 | E6: 5 | F6: 6 | G6: 7
A7: 604 | B7: 兴国县人民政府行政服务中心管理委员会 | C7: 14 | E7: 14

Sheet 政府性基金
D1: 注：若为空表，则为该部门（单位）无政府性基金收支
A2: 政府性基金预算支出表
E3: 单位：万元
A4: 支出功能分类科目 | C4: 2022年预算数
A5: 科目编码 | B5: 科目名称 | C5: 合计 | D5: 基本支出 | E5: 项目支出
A6: ** | B6: ** | C6: 1 | D6: =C6+1 -> 2 | E6: =D6+1 -> 3

Sheet 国有资本经营
C1: 注：若为空表，则为该部门（单位）无国有资本经营预算收支
A2: 国有资本经营预算支出表
A3: 填报单位:[604]兴国县人民政府行政服务中心管理委员会 , [604001]兴国县行政审批局 | E3: 单位：万元
A4: 支出功能分类科目 | C4: 2022年预算数
A5: 科目编码 | B5: 科目名称 | C5: 合计 | D5: 基本支出 | E5: 项目支出
A6: ** | B6: ** | C6: 1 | D6: =C6+1 -> 2 | E6: =D6+1 -> 3

Sheet 支出总表（引用）
A2: 支出预算总表
A4: 科目名称 | B4: 合计 | C4: 结转下年
A6: ** | B6: 1 | C6: 2
A7: 合计 | B7: 1613.4573
A8: 一般公共服务支出 | B8: 1256.5848
A9: 社会保障和就业支出 | B9: 23.861364
A10: 卫生健康支出 | B10: 13.836
A11: 住房保障支出 | B11: 19.175184
A12: 其他支出 | B12: 300

Sheet 财拨总表（引用）
A1: 财政拨款预算表
A3: 科目名称 | B3: 财政拨款 | C3: 一般公共预算支出 | D3: 政府性基金预算支出 | E3: 国有资本经营预算
A5: ** | B5: 1 | C5: 2 | D5: 3 | E5: 4
A6: 合计 | B6: 1279.6816 | C6: 1279.6816
A7: 一般公共服务支出 | B7: 1224.2231 | C7: 1224.2231
A8: 社会保障和就业支出 | B8: 22.44728 | C8: 22.44728
A9: 卫生健康支出 | B9: 13.836 | C9: 13.836
A10: 住房保障支出 | B10: 19.175184 | C10: 19.175184
